3AA
BILLINGS POLAR BEARS @ SAN ANTONIO BC
05/18/2032
 
TOP OF THE 1ST
Billings Polar Bears batting - Pitching for San Antonio BC : LHP Luis Díaz
Pitching: LHP Luis Díaz
Batting: LHB Atro Jarvilehto 0-0: Ball
1-0: Foul Ball, location: 2F
1-1: Ground out 6-3 (Groundball, 6)
Batting: RHB Luis Pérez 0-0: DOUBLE (Line Drive, 89D)
Batting: SHB Kilipaki Malamapono 0-0: Ball
1-0: Called Strike
1-1: Ball
2-1: Foul Ball, location: 2F
2-2: Strikes out looking
Batting: RHB Jun Kung 0-0: Foul Ball, location: 2F
0-1: Ball
1-1: Swinging Strike
1-2: Strikes out looking
Top of the 1st over - 0 runs, 1 hit, 0 errors, 1 left on base; Billings 0 - San Antonio 0
BOTTOM OF THE 1ST
San Antonio BC batting - Pitching for Billings Polar Bears : RHP Stanley Kent
Pitching: RHP Stanley Kent
Batting: RHB Ben Hampton 0-0: Ball
1-0: Ball
2-0: Foul Ball, location: 2F
2-1: Ball
3-1: Called Strike
3-2: Base on Balls
Batting: LHB Pablo Morales 0-0: Ball
1-0: Ball
2-0: Grounds out, U3 (Groundball, 3L)
Batting: RHB Manny Álvarez 0-0: Fly out, F8 (Flyball, 78M)
Batting: LHB Dawit Lihalakha 0-0: Ball
1-0: Ball
2-0: Ball
3-0: Base on Balls
Batting: SHB Scotty Vallee 0-0: Called Strike
0-1: Ball
1-1: Ball
2-1: DOUBLE (Line Drive, 9D)
Ben Hampton scores
Dawit Lihalakha to third
Runner from 3rd tries for Home, SAFE, no throw
Batting: SHB Anastasio Delgadilo 0-0: Swinging Strike
0-1: Fly out, F5 (Popup, 56)
Bottom of the 1st over - 2 runs, 1 hit, 0 errors, 1 left on base; Billings 0 - San Antonio 2
TOP OF THE 2ND
Billings Polar Bears batting - Pitching for San Antonio BC : LHP Luis Díaz
Batting: RHB Corey Dudding 0-0: Swinging Strike
0-1: Swinging Strike
0-2: Foul Ball, location: 2F
0-2: Ball
1-2: Strikes out looking
Batting: RHB Karsten Naarden 0-0: Ground out 1-3 (Groundball, 13S)
Batting: LHB Marcel Escoda 0-0: Called Strike
0-1: Swinging Strike
0-2: Ground out 6-3 (Groundball, 6)
Top of the 2nd over - 0 runs, 0 hits, 0 errors, 0 left on base; Billings 0 - San Antonio 2
BOTTOM OF THE 2ND
San Antonio BC batting - Pitching for Billings Polar Bears : RHP Stanley Kent
Batting: RHB Abraham Phelps 0-0: Ball
1-0: Swinging Strike
1-1: Foul Ball, location: 2F
1-2: Ball
2-2: Ground out 6-3 (Groundball, 6M)
Batting: SHB Esteban Borsellino 0-0: Ball
1-0: Called Strike
1-1: Ground out 6-3 (Groundball, 6)
Batting: RHB Renato Lavado 0-0: Ball
1-0: Swinging Strike
1-1: Ball
2-1: Ball
3-1: Foul Ball, location: 2F
3-2: Base on Balls
Batting: RHB Ben Hampton 0-0: Ball
1-0: Ball
2-0: Foul Ball, location: 2F
2-1: Ball
3-1: Base on Balls
Renato Lavado to second
Batting: LHB Pablo Morales 0-0: SINGLE (Line Drive, 4M)
Renato Lavado to third
Ben Hampton to second
Runner from 3rd tries for Home, SAFE, no throw
Batting: RHB Manny Álvarez 0-0: Ball
1-0: Ball
2-0: Called Strike
2-1: Ground out 5-3 (Groundball, 5S)
Bottom of the 2nd over - 1 run, 1 hit, 0 errors, 2 left on base; Billings 0 - San Antonio 3
TOP OF THE 3RD
Billings Polar Bears batting - Pitching for San Antonio BC : LHP Luis Díaz
Batting: SHB Jorge Alou 0-0: Fly out, F9 (Flyball, 9S)
Batting: LHB Jorge Vélez 0-0: Ball
1-0: DOUBLE (Flyball, 78D)
Batting: LHB Atro Jarvilehto 0-0: Foul Ball, location: 2F
0-1: Fly out, F4 (Line Drive, 4M)
Batting: RHB Luis Pérez 0-0: Called Strike
0-1: Swinging Strike
0-2: Strikes out looking
Top of the 3rd over - 0 runs, 1 hit, 0 errors, 1 left on base; Billings 0 - San Antonio 3
BOTTOM OF THE 3RD
San Antonio BC batting - Pitching for Billings Polar Bears : RHP Stanley Kent
Batting: LHB Dawit Lihalakha 0-0: Called Strike
0-1: Foul Ball, location: 2F
0-2: Ground out 4-3 (Groundball, 4S)
Batting: SHB Scotty Vallee 0-0: Ball
1-0: Ball
2-0: Called Strike
2-1: Fly out, F7 (Flyball, 78S)
Batting: SHB Anastasio Delgadilo 0-0: Called Strike
0-1: Foul Ball, location: 2F
0-2: Ball
1-2: Ball
2-2: Foul Ball, location: 2F
2-2: Ground out 4-3 (Groundball, 4)
Bottom of the 3rd over - 0 runs, 0 hits, 0 errors, 0 left on base; Billings 0 - San Antonio 3
TOP OF THE 4TH
Billings Polar Bears batting - Pitching for San Antonio BC : LHP Luis Díaz
Batting: SHB Kilipaki Malamapono 0-0: Ball
1-0: Ball
2-0: Fly out, F9 (Line Drive, 9)
Batting: RHB Jun Kung 0-0: Called Strike
0-1: Ground out 4-3 (Groundball, 4)
Batting: RHB Corey Dudding 0-0: Called Strike
0-1: Ball
1-1: Foul Ball, location: 2F
1-2: Ball
2-2: Strikes out swinging
Top of the 4th over - 0 runs, 0 hits, 0 errors, 0 left on base; Billings 0 - San Antonio 3
BOTTOM OF THE 4TH
San Antonio BC batting - Pitching for Billings Polar Bears : RHP Stanley Kent
Batting: RHB Abraham Phelps 0-0: Ground out 5-3 (Groundball, 5L)
Batting: SHB Esteban Borsellino 0-0: Swinging Strike
0-1: Ball
1-1: Ball
2-1: Ball
3-1: Base on Balls
Batting: RHB Renato Lavado 0-0: Swinging Strike
0-1: Foul Ball, location: 2F
0-2: Ball
1-2: Fly out, F7 (Flyball, 7LS)
Batting: RHB Ben Hampton 0-0: Ball
1-0: Called Strike
Esteban Borsellino steals 2nd base
1-1: Swinging Strike
1-2: Ground out 5-3 (Groundball, 56S)
Bottom of the 4th over - 0 runs, 0 hits, 0 errors, 1 left on base; Billings 0 - San Antonio 3
TOP OF THE 5TH
Billings Polar Bears batting - Pitching for San Antonio BC : LHP Luis Díaz
Batting: RHB Karsten Naarden 0-0: Ball
1-0: Ball
2-0: Ground out 6-3 (Groundball, 6)
Batting: LHB Marcel Escoda 0-0: Ground out 3-1 (Groundball, 34S)
Batting: SHB Jorge Alou 0-0: Ball
1-0: Ball
2-0: Fly out, F8 (Flyball, 8RD)
Top of the 5th over - 0 runs, 0 hits, 0 errors, 0 left on base; Billings 0 - San Antonio 3
BOTTOM OF THE 5TH
San Antonio BC batting - Pitching for Billings Polar Bears : RHP Stanley Kent
Batting: LHB Pablo Morales 0-0: Ball
1-0: Ball
2-0: Ball
3-0: Called Strike
3-1: Base on Balls
Batting: RHB Manny Álvarez 0-0: Ball
1-0: Foul Ball, location: 2F
1-1: Swinging Strike
1-2: Ball
2-2: Ball
3-2: Foul Ball, location: 2F
3-2: SINGLE (Groundball, 56D)
Pablo Morales to second
Batting: LHB Dawit Lihalakha 0-0: Ball
1-0: Foul Ball, location: 2F
1-1: Ball
2-1: DOUBLE (Flyball, 89D)
Pablo Morales scores
Manny Álvarez to third
Runner from 3rd tries for Home, SAFE, no throw
Batting: SHB Scotty Vallee 0-0: Called Strike
0-1: Swinging Strike
0-2: Strikes out swinging
Batting: SHB Anastasio Delgadilo 0-0: Fly out, F7 (Flyball, 7)
Batting: RHB Abraham Phelps 0-0: Swinging Strike
0-1: SINGLE (Groundball, 6MD)
Dawit Lihalakha to third
Runner from 3rd tries for Home, SAFE, throw made home
Batting: SHB Esteban Borsellino 0-0: Called Strike
0-1: Ball
1-1: Foul Ball, location: 2F
1-2: Ball
2-2: Ball
3-2: Base on Balls
Abraham Phelps to second
Batting: RHB Renato Lavado 0-0: Ball
1-0: Ball
2-0: Fly out, F9 (Flyball, 89S)
Bottom of the 5th over - 3 runs, 3 hits, 0 errors, 2 left on base; Billings 0 - San Antonio 6
TOP OF THE 6TH
Billings Polar Bears batting - Pitching for San Antonio BC : LHP Luis Díaz
Batting: LHB Jorge Vélez 0-0: Foul Ball, location: 2F
0-1: Ball
1-1: Ball
2-1: Ground out 4-3 (Groundball, 4)
Batting: LHB Atro Jarvilehto 0-0: Fly out, F7 (Flyball, 7)
Batting: RHB Luis Pérez 0-0: Ball
1-0: Called Strike
1-1: Ball
2-1: Ground out 1-3 (Groundball, 13)
Top of the 6th over - 0 runs, 0 hits, 0 errors, 0 left on base; Billings 0 - San Antonio 6
BOTTOM OF THE 6TH
San Antonio BC batting - Pitching for Billings Polar Bears : RHP Stanley Kent
Pitching: LHP Tadeo Pico
Batting: RHB Ben Hampton 0-0: Ball
1-0: Ball
2-0: Ball
3-0: Called Strike
3-1: Foul Ball, location: 2F
3-2: Foul Ball, location: 2F
3-2: Base on Balls
Batting: LHB Pablo Morales 0-0: Called Strike
Ben Hampton steals 2nd base
0-1: Swinging Strike
0-2: Foul Ball, location: 2F
0-2: Ball
1-2: Foul Ball, location: 2F
1-2: Ball
2-2: Fly out, F5 (Popup, 56)
Batting: RHB Manny Álvarez 0-0: Swinging Strike
0-1: Ground out 5-3 (Groundball, 56)
Batting: LHB Dawit Lihalakha 0-0: Called Strike
0-1: Foul Ball, location: 2F
0-2: Ball
1-2: Ball
2-2: Foul Ball, location: 2F
2-2: Strikes out swinging
Bottom of the 6th over - 0 runs, 0 hits, 0 errors, 1 left on base; Billings 0 - San Antonio 6
TOP OF THE 7TH
Billings Polar Bears batting - Pitching for San Antonio BC : LHP Luis Díaz
Batting: SHB Kilipaki Malamapono 0-0: Ground out 6-3 (Groundball, 6)
Batting: RHB Jun Kung 0-0: Called Strike
0-1: Ball
1-1: Foul Ball, location: 2F
1-2: Strikes out swinging
Batting: RHB Corey Dudding 0-0: Called Strike
0-1: Swinging Strike
0-2: Strikes out swinging
Top of the 7th over - 0 runs, 0 hits, 0 errors, 0 left on base; Billings 0 - San Antonio 6
BOTTOM OF THE 7TH
San Antonio BC batting - Pitching for Billings Polar Bears : LHP Tadeo Pico
Batting: SHB Scotty Vallee 0-0: Foul Ball, location: 2F
0-1: Called Strike
0-2: Ball
1-2: Ball
2-2: SINGLE (Line Drive, 89S)
Batting: SHB Anastasio Delgadilo 0-0: Ball
1-0: Called Strike
1-1: Swinging Strike
1-2: Fly out, F8 (Flyball, 89D)
Batting: RHB Abraham Phelps 0-0: Swinging Strike
0-1: Ball
1-1: Foul Ball, location: 2F
1-2: Ball
2-2: Foul Ball, location: 2F
2-2: Ball
3-2: Fly out, F5 (Line Drive, 56)
Batting: SHB Esteban Borsellino 0-0: Ball
1-0: Ball
Wild Pitch!
Scotty Vallee to second
2-0: SINGLE (Groundball, 6MD)
Scotty Vallee to third
Runner from 3rd tries for Home, SAFE, throw made home
Batting: RHB Renato Lavado 0-0: Called Strike
0-1: Ball
1-1: Ball
2-1: Fielders Choice at 2nd, 5-4 (Groundball, 5)
Bottom of the 7th over - 1 run, 2 hits, 0 errors, 1 left on base; Billings 0 - San Antonio 7
TOP OF THE 8TH
Billings Polar Bears batting - Pitching for San Antonio BC : LHP Luis Díaz
Batting: RHB Karsten Naarden 0-0: Ground out 6-3 (Groundball, 6)
Batting: LHB Marcel Escoda 0-0: Ball
1-0: Called Strike
1-1: Ball
2-1: Foul Ball, location: 2F
2-2: Strikes out looking
Pinch Hitting: RHB Mick Spargo 0-0: Ball
1-0: Ball
2-0: Fly out, F9 (Line Drive, 9)
Top of the 8th over - 0 runs, 0 hits, 0 errors, 0 left on base; Billings 0 - San Antonio 7
BOTTOM OF THE 8TH
San Antonio BC batting - Pitching for Billings Polar Bears : LHP Tadeo Pico
Now at 2B: Mick Spargo
Batting: RHB Ben Hampton 0-0: Ball
1-0: Foul Ball, location: 2F
1-1: Ball
2-1: Ball
3-1: Base on Balls
Batting: LHB Pablo Morales 0-0: Ball
1-0: DOUBLE (Flyball, 78D)
Ben Hampton to third
Batting: RHB Manny Álvarez 0-0: Called Strike
0-1: Ball
1-1: Ball
2-1: SINGLE (Groundball, 6MD)
Ben Hampton scores
Pablo Morales to third
Runner from 3rd tries for Home, SAFE, no throw
Batting: LHB Dawit Lihalakha 0-0: Grounds into double play, 4-6-3 (Groundball, 4)
Batting: SHB Scotty Vallee 0-0: Ball
1-0: Ground out 6-3 (Groundball, 6)
Bottom of the 8th over - 2 runs, 2 hits, 0 errors, 0 left on base; Billings 0 - San Antonio 9
TOP OF THE 9TH
Billings Polar Bears batting - Pitching for San Antonio BC : LHP Luis Díaz
Pinch Hitting: RHB Martinus Xhaka 0-0: Called Strike
0-1: Fly out, F7 (Flyball, 7S)
Batting: LHB Atro Jarvilehto 0-0: Swinging Strike
0-1: Ball
1-1: Fly out, F5 (Popup, 5S)
Batting: RHB Luis Pérez 0-0: Ball
1-0: Fly out, F9 (Flyball, 9LSF)
Top of the 9th over - 0 runs, 0 hits, 0 errors, 0 left on base; Billings 0 - San Antonio 9
Wednesday, September 19th, 2018 - OOTP Baseball 18.8 Build 76